 Dungeon Crawl Stone Soup version 0.26-a0-652-gafc20e3620 (webtiles) character file.

Game seed: 5454913012150705342

60719 jasper the Martial Artist (level 15, -4/115 HPs)
             Began as a Gnoll Transmuter on Oct 1, 2020.
             Was a High Priest of Ashenzari.
             Slain by a sun demon (8 damage)
             ... summoned by an orc sorcerer
             ... on level 2 of the Orcish Mines.
             The game lasted 01:19:18 (33269 turns).

jasper the Martial Artist (Gnoll Transmuter)       Turns: 33269, Time: 01:19:18

Health: -4/115     AC: 15    Str: 12    XL:     15   Next: 0%
Magic:  24/29      EV: 18    Int: 20    God:    Ashenzari [*****.]
Gold:   1567       SH:  5    Dex: 24    Spells: 4/35 levels left

rFire    . . .     SeeInvis +     - Unarmed
rCold    . . .     Faith    .   (shield currently unavailable)
rNeg     . . .     Spirit   .   v - +4 ring mail {MR+} (curse)
rPois    .         Reflect  +   (no helmet)
rElec    .         Harm     .   a - +1 cloak
rCorr    .         Rampage  +   (gloves currently unavailable)
MR       ++...     Clarity  +   e - +1 pair of boots {rampage}
Stlth    ++++......             q - amulet of reflection (curse)
HPRegen  0.29/turn              b - +6 ring of dexterity (curse)
MPRegen  0.21/turn              Y - +4 ring of slaying

@: blade hands, drained
A: distributed training, fangs 1, strong nose
a: End Transformation, Curse Item, Scrying, Renounce Religion


You were on level 2 of the Orcish Mines.
You worshipped Ashenzari.
Ashenzari was extremely pleased with you.
You had blades for hands.
You visited 5 branches of the dungeon, and saw 22 of its levels.
You also visited: Volcano.

You collected 2506 gold pieces.
You spent 939 gold pieces at shops.

Inventory:

Hand Weapons
 Z - the +9 hunting sling of the Destroying Penguin {flame, rElec rPois MR+}
   (You found it on level 1 of the Orcish Mines)

   It causes projectiles fired from it to burn those they strike, causing extra
   injury to most foes and up to half again as much damage against particularly
   susceptible opponents.
   It insulates you from electricity.
   It protects you from poison.
   It affects your resistance to hostile enchantments.
Missiles
 m - 648 stones
 u - 10 poisoned darts (quivered)
Armour
 a - a +1 cloak (worn)
 e - a +1 pair of boots of rampaging (worn)
 v - a cursed +4 ring mail of magic resistance (worn)
 F - a cursed +0 pair of gloves (melded)
 H - a scarf of invisibility
 K - a +0 kite shield (melded)
 Q - a +1 pair of gloves
Jewellery
 b - a cursed +6 ring of dexterity (left scythe-like blade)
 d - an uncursed amulet of regeneration
 q - a cursed amulet of reflection (around neck)
 s - an uncursed amulet of the acrobat
 X - the ring of Dulat {*Slow rElec MR+ Int+5}
   (You found it on level 1 of the Orcish Mines)

   [ring of protection from magic]

   It affects your intelligence (+5).
   It insulates you from electricity.
   It affects your resistance to hostile enchantments.
   It may slow you when you take damage.
 Y - a +4 ring of slaying (right scythe-like blade)
Wands
 c - a wand of iceblast (7)
 g - a wand of polymorph (15)
 r - a wand of disintegration (11)
 E - a wand of random effects (25)
 L - a wand of acid (12)
 O - a wand of flame (24)
Scrolls
 h - 2 scrolls of amnesia
 k - 5 scrolls of teleportation
 p - a scroll of magic mapping
 y - 2 scrolls of fear
 B - 3 scrolls of fog
 D - a scroll of immolation
 I - 8 scrolls of remove curse
 N - 2 scrolls of enchant weapon
 R - a scroll of enchant armour
 S - a scroll of random uselessness {unknown}
 W - a scroll of vulnerability
Potions
 f - 8 potions of curing
 l - 2 potions of stabbing
 n - a potion of mutation
 t - 6 potions of lignification
 w - 5 potions of ambrosia
 x - a potion of haste
 A - 4 potions of resistance
 C - a potion of flight
 J - 4 potions of might
 P - a potion of invisibility
 T - a potion of berserk rage
 U - a potion of brilliance {unknown}
Miscellaneous
 z - a phantom mirror
 M - a condenser vane (1/2) {boom stick}
 V - a box of beasts (3/3)


   Skills:
 + Level 10.0(8.8) Fighting
 + Level 9.7(8.5) Short Blades
 + Level 9.7(8.5) Long Blades
 + Level 9.7(8.5) Axes
 + Level 9.7(8.5) Maces & Flails
 + Level 9.7(8.5) Polearms
 + Level 9.7(8.5) Staves
 + Level 9.7(8.5) Slings
 + Level 9.7(8.5) Bows
 + Level 9.7(8.5) Crossbows
 + Level 9.7(8.5) Throwing
 + Level 9.7(8.5) Armour
 + Level 10.6(9.4) Dodging
 + Level 9.7(8.5) Stealth
 + Level 9.7(8.5) Shields
 + Level 11.5(10.3) Unarmed Combat
 + Level 10.8(9.6) Spellcasting
 + Level 8.1(9.6) Conjurations
 + Level 8.1(9.6) Hexes
 + Level 8.1(9.6) Summonings
 + Level 8.1(9.6) Necromancy
 + Level 8.1(9.6) Translocations
 + Level 9.0(10.3) Transmutations
 + Level 8.1(9.6) Fire Magic
 + Level 8.1(9.6) Ice Magic
 + Level 8.1(9.6) Air Magic
 + Level 8.1(9.6) Earth Magic
 + Level 8.1(9.6) Poison Magic
 + Level 10.5(9.3) Invocations
 + Level 9.7(10.9) Evocations


You had 4 spell levels left.
You knew the following spells:

 Your Spells              Type           Power        Failure   Level
a - Silence               Hex/Air        #####.....   41%         5
b - Wereblood             Tmut           ######..     10%         2
c - Spider Form           Tmut/Pois      #####.....   13%         3
d - Ice Form              Ice/Tmut       #####...     22%         4
e - Searing Ray           Conj           #####.       11%         2
f - Confusing Touch       Hex            #####...     14%         3
g - Tukima's Dance        Hex            #####...     14%         3
h - Blade Hands           Tmut           ######....   34%         5
i - Summon Lightning Spi  Summ/Air       #####...     24%         4

Your spell library contained the following spells:

 Spells                   Type           Power        Failure   Level
 Beastly Appendage        Tmut           ######       9%          1
 Sting                    Tmut/Pois      ####         9%          1
 Corona                   Hex            #####..      10%         1
 Freeze                   Ice            ####         10%         1
 Magic Dart               Conj           ####         10%         1
 Ensorcelled Hibernation  Hex/Ice        #####.       11%         2
 Poisonous Vapours        Pois/Air       #####.       11%         2
 Ignite Poison            Fire/Tmut/Pois #####...     13%         3
 Dazzling Flash           Conj/Hex       #####.       14%         3
 Mephitic Cloud           Conj/Pois/Air  #####...     14%         3
 Fulminant Prism          Conj/Hex       #####.....   24%         4
 Iskenderun's Mystic Bla  Conj/Tloc      #####...     24%         4
 Olgreb's Toxic Radiance  Pois           #####...     24%         4
 Bolt of Magma            Conj/Fire/Erth #####.....   41%         5
 Iskenderun's Battlesphe  Conj           #####...     41%         5
 Conjure Ball Lightning   Conj/Air       #####.....   80%         6
 Iron Shot                Conj/Erth      #####.....   80%         6
 Orb of Destruction       Conj           #####.....   99%         7
 Spellforged Servitor     Conj/Summ      #####.....   99%         7
 Tornado                  Air            #####.....   100%        9


Dungeon Overview and Level Annotations

Branches:
Dungeon (12/15)            Temple (1/1) D:7            Lair (6/6) D:11
  Swamp (0/4) Lair:2       Spider (0/4) Lair:2        Slime (0/5) Lair:5
    Orc (2/2) D:12            Elf (1/3) Orc:2       Volcano (visited)

Altars:
Ashenzari
Cheibriados
Dithmenos
Elyvilon
Fedhas
Gozag
Hepliaklqana
Kikubaaqudgha
Makhleb
Nemelex Xobeh
Okawaru
Qazlal
Ru
Sif Muna
Trog
Uskayaw
Vehumet
Wu Jian
Xom
Yredelemnul
Zin
The Shining One
Beogh
Jiyva

Shops:
D:7 =   D:8 [   D:9 }   D:12 *

Annotations:
D:5 1 runed translucent door, slambob's ghost, novice TrMo
D:11 exclusion: deep elf mage
D:12 exclusion: 4 doors
Lair:2 exclusion: oklob plant
Lair:5 1 runed translucent door
Lair:6 exclusion: oklob plant
Elf:1 Jorgrun!, Jorgrun


Innate Abilities, Weirdness & Mutations

Your experience applies equally to all skills.
You have very sharp teeth.
Your uncanny sense of smell can sniff out nearby items.


Message History

The orc sorcerer casts a spell at you.
The bolt of fire hits the sun demon.
The sun demon completely resists.
The bolt of fire hits you!!
You closely miss the orc wizard.
The orc wizard is lightly wounded.
The orc wizard misses you. The sun demon closely misses you.
The sun demon hits you!!
* * * LOW HITPOINT WARNING * * *
You are engulfed in flames!
* * * LOW HITPOINT WARNING * * *
The orc wizard gestures wildly while chanting.
The orc wizard flickers and vanishes for a moment.
The orc sorcerer gestures at you while chanting.
The bolt of negative energy misses you.
Okay, then.
You feel better. The sun demon barely misses you.
The orc sorcerer hits you with a +0 dagger.
* * * LOW HITPOINT WARNING * * *
The sun demon hits you!
You die...

* ,≈ ≈ ≈ ≈##§≈§....# ## ≈
8 , ,.§§≈§≈ 8**#≈≈≈§...##
# * ,*,8..§.§
,,###≈≈.>..##### ,,
,...§.§ , #§≈≈....##.# , ,
, §≈≈.., ≈ ##≈§........ ,
,, ,
*#≈(.#####.8#§§.#).#... *
*#≈..O≈≈≈..##≈≈.##).... ,
, ≈≈
#≈..o.....#≈≈§..)).... *
,,,,#≈..3@..###≈##≈.##..##
*, ≈≈, ,
#≈..o####≈≈≈##≈.##..## ,,
, * #≈....≈≈§§≈≈≈§........
+ * #§......§§............
** ∩#≈..8.................
,+,,
*,,,#§§...................
≈*
,,,#§....≈≈≈§§≈≈≈........
,≈ {
#§§..####≈§≈##§.##..## *,
, , ,,#≈...§
,###§##≈.##..##


You could see a sun demon (summoned), an orc sorcerer, an ogre and an orc wizard
(invisible, poisoned).

Vanquished Creatures
  A stone giant (Orc:1)
  An entropy weaver (Lair:6)
  2 ettins (Orc:1)
  4 hydras
  5 two-headed ogres
  Erica (Lair:2)
  A queen ant (Lair:6)
  An orc high priest (D:12)
  A sun demon (Volcano)
  5 orc sorcerers
  A deep elf mage (D:12)
  16 cyclopes
  A manticore (D:11)
  9 elephants
  A centaur zombie (D:10)
  2 black mambas (Lair:2)
  A molten gargoyle (Volcano)
  A centaur skeleton (D:12)
  A gargoyle (Volcano)
  10 cane toads
  Maggie (D:7)
  2 rime drakes
  10 komodo dragons
  2 red devils (Volcano)
  A tyrant leech (Lair:5)
  6 trolls
  A polar bear (Lair:2)
  A harpy skeleton (D:12)
  Grinder (D:5)
  6 slime creatures (D:12)
  21 blink frogs
  2 bog bodies (Lair:2)
  3 hippogriffs
  2 shadows
  A redback (Lair:2)
  A wyvern (Lair:3)
  19 yaks
  11 wargs
  Menkaure (D:4)
  Edmund (D:5)
  4 swamp worms (Lair:5)
  19 water moccasins
  Duvessa (D:7)
  4 soldier ants (Lair:6)
  15 orc warriors
  8 porcupines
  A hornet zombie (D:11)
  2 hell hounds (Volcano)
  2 ice beasts
  3 necrophages
  15 ogres
  2 phantoms
  A sky beast (D:7)
  17 wolves
  8 crocodiles
  9 centaurs
  3 big kobolds
  18 bullfrogs
  Blork the orc (D:6)
  3 wyvern skeletons
  Dowan (D:7)
  3 scorpions
  4 wights
  6 killer bees (D:10)
  3 howler monkeys
  2 electric eels (Lair:4)
  3 jellies
  4 hounds
  20 orc priests
  Jessica (D:3)
  3 iguanas
  25 orc wizards
  23 worker ants
  A hound zombie (D:10)
  2 hound skeletons
  A mummy (D:6)
  11 adders
  5 gnolls
  A shadow imp (D:5)
  2 white imps
  2 oozes (D:4)
  2 ufetubi
  An adder skeleton (D:6)
  4 worms
  7 dart slugs
  5 leopard geckos
  83 orcs
  A ball python (D:4)
  6 giant cockroaches
  5 goblins
  8 hobgoblins
  16 jackals
  22 kobolds
  7 quokkas
  7 bats
  7 frilled lizards
  A jackal skeleton (D:4)
  2 kobold zombies (D:6)
  A leopard gecko skeleton (D:5)
  A quokka skeleton (D:4)
  10 rats
613 creatures vanquished.

Vanquished Creatures (collateral kills)
  A two-headed ogre (D:12)
  A warg (Orc:1)
  An orc warrior (Orc:2)
  2 orc wizards (Orc:2)
  5 orcs
10 creatures vanquished.

Vanquished Creatures (others)
  7 dancing weapons
  28 fungi
  54 plants
89 creatures vanquished.

Grand Total: 712 creatures vanquished

Notes
Turn   | Place    | Note
-------+----------+-------------------------------------------
     0 | D:1      | jasper the Gnoll Transmuter began the quest for the Orb.
     0 | D:1      | Reached XP level 1. HP: 17/17 MP: 6/6
   130 | D:1      | Reached XP level 2. HP: 23/23 MP: 7/7
   136 | D:1      | Learned a level 2 spell: Wereblood
   565 | D:1      | Reached XP level 3. HP: 24/28 MP: 9/9
   670 | D:1      | Reached skill level 5 in Spellcasting
  1137 | D:2      | Reached skill level 1 in Invocations
  1233 | D:2      | Reached skill level 1 in Short Blades
  1233 | D:2      | Reached skill level 1 in Long Blades
  1233 | D:2      | Reached skill level 1 in Axes
  1233 | D:2      | Reached skill level 1 in Maces & Flails
  1233 | D:2      | Reached skill level 1 in Polearms
  1233 | D:2      | Reached skill level 1 in Staves
  1233 | D:2      | Reached skill level 1 in Slings
  1233 | D:2      | Reached skill level 1 in Bows
  1233 | D:2      | Reached skill level 1 in Crossbows
  1233 | D:2      | Reached skill level 1 in Throwing
  1233 | D:2      | Reached skill level 1 in Armour
  1233 | D:2      | Reached skill level 1 in Stealth
  1233 | D:2      | Reached skill level 1 in Shields
  1233 | D:2      | Reached skill level 1 in Evocations
  1406 | D:2      | Reached XP level 4. HP: 34/34 MP: 11/11
  2048 | D:3      | Reached skill level 1 in Conjurations
  2048 | D:3      | Reached skill level 1 in Hexes
  2048 | D:3      | Reached skill level 1 in Summonings
  2048 | D:3      | Reached skill level 1 in Necromancy
  2048 | D:3      | Reached skill level 1 in Translocations
  2048 | D:3      | Reached skill level 1 in Fire Magic
  2048 | D:3      | Reached skill level 1 in Ice Magic
  2048 | D:3      | Reached skill level 1 in Air Magic
  2048 | D:3      | Reached skill level 1 in Earth Magic
  2048 | D:3      | Reached skill level 1 in Poison Magic
  2269 | D:3      | Noticed an ice beast
  2318 | D:4      | Reached XP level 5. HP: 40/40 MP: 12/12
  2338 | D:4      | Noticed Menkaure
  2344 | D:5      | Entered Level 5 of the Dungeon
  2364 | D:5      | Found a runed translucent door.
  2366 | D:5      | Noticed slambob's ghost (novice TrMo)
  2367 | D:5      | Noticed a phantom
  2389 | D:5      | Killed a phantom
  2436 | D:5      | Reached XP level 6. HP: 42/47 MP: 13/13
  2511 | D:5      | Noticed Edmund
  2517 | D:5      | Noticed Grinder
  2535 | D:5      | Killed Grinder
  2535 | D:5      | Reached skill level 5 in Dodging
  2535 | D:5      | Reached XP level 7. HP: 52/52 MP: 15/15
  2547 | D:5      | Reached skill level 7 in Unarmed Combat
  2744 | D:5      | Learned a level 3 spell: Spider Form
  2749 | D:5      | Learned a level 4 spell: Ice Form
  2755 | D:5      | Learned a level 2 spell: Searing Ray
  3011 | D:6      | Found a sand-covered staircase.
  3177 | D:6      | Noticed Blork the orc
  3192 | D:6      | Killed Blork the orc
  3475 | D:5      | Reached XP level 8. HP: 60/60 MP: 16/16
  4181 | D:3      | Noticed Jessica
  4191 | D:3      | Killed Jessica
  4639 | D:4      | Killed Menkaure
  5670 | D:4      | Noticed a troll
  5832 | D:5      | Killed Edmund
  5898 | D:5      | Reached skill level 5 in Transmutations
  5898 | D:5      | Reached XP level 9. HP: 40/66 MP: 16/18
  6696 | D:6      | Found an opulent altar of Gozag.
  6696 | D:6      | Found a stormy altar of Qazlal.
  6968 | D:7      | Noticed Dowan
  7033 | D:7      | Noticed Duvessa
  7071 | D:7      | Found a staircase to the Ecumenical Temple.
  7080 | Temple   | Entered the Ecumenical Temple
  7168 | Temple   | Became a worshipper of Ashenzari the Shackled
  7300 | D:7      | Reached skill level 5 in Fighting
  7533 | D:7      | Noticed Maggie
  7579 | D:8      | Reached skill level 8 in Unarmed Combat
  7737 | D:8      | Reached skill level 5 in Invocations
  7989 | D:8      | Found Wosororr's Antique Armour Emporium.
  8508 | D:9      | Found Ufolum's Gadget Emporium.
  8526 | D:9      | Bought a wand of paralysis (9) for 187 gold pieces
  8541 | D:9      | Noticed a troll
  8550 | D:9      | Killed a troll
  8550 | D:9      | Reached XP level 10. HP: 73/73 MP: 11/20
  8617 | D:9      | Noticed a two-headed ogre
  8644 | D:9      | Killed a two-headed ogre
  8644 | D:9      | Reached skill level 5 in Short Blades
  8644 | D:9      | Reached skill level 5 in Long Blades
  8644 | D:9      | Reached skill level 5 in Axes
  8644 | D:9      | Reached skill level 5 in Maces & Flails
  8644 | D:9      | Reached skill level 5 in Polearms
  8644 | D:9      | Reached skill level 5 in Staves
  8644 | D:9      | Reached skill level 5 in Slings
  8644 | D:9      | Reached skill level 5 in Bows
  8644 | D:9      | Reached skill level 5 in Crossbows
  8644 | D:9      | Reached skill level 5 in Throwing
  8644 | D:9      | Reached skill level 5 in Armour
  8644 | D:9      | Reached skill level 5 in Stealth
  8644 | D:9      | Reached skill level 5 in Shields
  8644 | D:9      | Reached skill level 5 in Evocations
  8684 | D:9      | Learned a level 3 spell: Confusing Touch
  8688 | D:9      | Learned a level 3 spell: Tukima's Dance
  9001 | D:9      | Noticed a two-headed ogre
  9015 | D:9      | Killed a two-headed ogre
  9195 | D:9      | Reached * piety under Ashenzari
  9507 | D:9      | Found an ancient bone altar of Kikubaaqudgha.
  9810 | D:9      | Found a blossoming altar of Fedhas.
  9930 | D:10     | Entered Level 10 of the Dungeon
 10373 | D:7      | Found Qeteatz's Jewellery Shop.
 10514 | D:7      | Found a shimmering altar of Xom.
 11169 | D:7      | Killed Dowan
 11191 | D:7      | Killed Duvessa
 11244 | D:7      | Killed Maggie
 11826 | D:10     | Reached XP level 11. HP: 75/82 MP: 18/22
 12055 | D:10     | Learned a level 5 spell: Blade Hands
 12167 | D:10     | Reached skill level 9 in Unarmed Combat
 12341 | D:10     | Reached skill level 5 in Conjurations
 12341 | D:10     | Reached skill level 5 in Hexes
 12341 | D:10     | Reached skill level 5 in Summonings
 12341 | D:10     | Reached skill level 5 in Necromancy
 12341 | D:10     | Reached skill level 5 in Translocations
 12341 | D:10     | Reached skill level 5 in Fire Magic
 12341 | D:10     | Reached skill level 5 in Ice Magic
 12341 | D:10     | Reached skill level 5 in Air Magic
 12341 | D:10     | Reached skill level 5 in Earth Magic
 12341 | D:10     | Reached skill level 5 in Poison Magic
 12684 | D:11     | Reached ** piety under Ashenzari
 12684 | D:11     | Noticed a two-headed ogre
 12694 | D:11     | Killed a two-headed ogre
 13541 | D:11     | Noticed a manticore
 13547 | D:11     | Found a staircase to the Lair.
 13557 | Lair:1   | Entered Level 1 of the Lair of Beasts
 14093 | Lair:1   | Noticed a six-headed hydra
 14304 | D:11     | Killed a manticore
 14397 | D:11     | Noticed a deep elf mage
 14740 | D:11     | Found a shimmering blue altar of Sif Muna.
 14758 | D:11     | Identified Sif Muna's Volume of the Frostbite
 15148 | D:11     | Reached XP level 12. HP: 82/90 MP: 18/24
 16044 | D:12     | Found Tiopare's Assorted Antiques.
 16047 | D:12     | Bought a scroll of teleportation for 93 gold pieces
 16047 | D:12     | Bought a potion of ambrosia for 248 gold pieces
 16047 | D:12     | Bought a kite shield for 139 gold pieces
 16047 | D:12     | Noticed a two-headed ogre
 16048 | D:12     | Found a staircase to the Orcish Mines.
 16230 | D:12     | Killed a two-headed ogre
 17033 | Orc:1    | Entered Level 1 of the Orcish Mines
 17298 | Orc:1    | Noticed an orc high priest
 17302 | Orc:1    | Noticed a sun demon
 17450 | Orc:1    | Noticed a soul eater
 17465 | D:12     | Killed an orc high priest
 17587 | Orc:1    | Reached skill level 10 in Unarmed Combat
 17687 | Orc:1    | Noticed a soul eater
 18921 | Orc:1    | Noticed an ettin
 19830 | Orc:1    | Killed an ettin
 19830 | Orc:1    | Reached XP level 13. HP: 97/97 MP: 20/26
 20163 | Orc:1    | Reached *** piety under Ashenzari
 20630 | Orc:1    | Noticed an ettin
 20631 | Orc:1    | Noticed a stone giant
 20639 | Orc:1    | Killed an ettin
 22568 | Lair:2   | Noticed Erica
 22580 | Lair:2   | Killed Erica
 23053 | Lair:2   | Found a staircase to the Swamp.
 23891 | Lair:2   | Found a hole to the Spider Nest.
 23917 | Lair:2   | HP: 6/120 [wolf (11)]
 24714 | Lair:3   | Reached skill level 10 in Spellcasting
 25190 | Lair:3   | Found an iron altar of Okawaru.
 25828 | Lair:3   | Reached **** piety under Ashenzari
 25851 | Lair:3   | Learned a level 5 spell: Silence
 25856 | Lair:3   | Learned a level 4 spell: Summon Lightning Spire
 25864 | Lair:3   | Reached XP level 14. HP: 108/108 MP: 28/28
 26484 | Lair:4   | Reached skill level 10 in Dodging
 27102 | Lair:4   | Reached skill level 11 in Unarmed Combat
 27349 | Lair:4   | Identified a scroll of acquirement
 27351 | Lair:4   | Acquired 306 gold pieces
 28174 | Lair:5   | Found a dark tunnel.
 28254 | Volcano  | Entered a volcano
 28322 | Volcano  | Found a radiant altar of Vehumet.
 28717 | Lair:5   | Reached skill level 10 in Invocations
 29061 | Lair:5   | Reached ***** piety under Ashenzari
 29144 | Lair:5   | Found a runed translucent door.
 29144 | Lair:5   | Found a viscous altar of Jiyva.
 29144 | Lair:5   | Found a staircase to the Slime Pits.
 30103 | Lair:6   | Entered Level 6 of the Lair of Beasts
 30730 | Lair:6   | Noticed an entropy weaver
 30758 | Lair:6   | Noticed an entropy weaver
 30766 | Lair:6   | Killed an entropy weaver
 31298 | Orc:1    | Killed a stone giant
 31511 | Orc:1    | Identified the ring of Dulat {*Slow rElec MR+ Int+5}
 31527 | Orc:1    | Got the hunting sling of the Destroying Penguin {flame,
                  | rElec rPois MR+}
 31828 | D:9      | Bought a wand of digging (4) for 272 gold pieces
 32352 | Orc:2    | Entered Level 2 of the Orcish Mines
 32573 | Orc:2    | Reached skill level 10 in Fighting
 32608 | Orc:2    | Found a roughly hewn altar of Beogh.
 32842 | Orc:2    | Found a staircase to the Elven Halls.
 32856 | Elf:1    | Entered Level 1 of the Elven Halls
 32856 | Elf:1    | Noticed Jorgrun
 33130 | Orc:2    | Reached XP level 15. HP: 115/115 MP: 29/29
 33268 | Orc:2    | HP: 3/115 [sun demon[an orc sorcerer] (17)]
 33269 | Orc:2    | Slain by a sun demon

Illustrated notes

Levels and vault maps discovered:
D:1:      dpeg_arrival_simpleton_c, layout_loops_ring
D:2:      layout_basic
D:3:      layout_loops_corners, portal_sewer_entry_f, uniq_jessica
D:4:      layout_loops_ring, minmay_divided_ellipse, uniq_menkaure
D:5:      layout_basic, hellmonk_ghost_happy_afterlife, uniq_edmund,
          uniq_grinder
D:6:      layout_gridville, gammafunk_temple_overflow_elements,
          nicolae_ossuary_entry_giza, uniq_blork_the_orc
D:7:      layout_basic, xom_teletrap_fun, minmay_temple_entry_waves,
          serial_rivers, chequers_serial_rivers_micro_b,
          chequers_serial_rivers_large_b, chequers_serial_rivers_small_a,
          chequers_serial_rivers_small_a, chequers_serial_rivers_micro_a,
          serial_shops, nicolae_shop_window_shopping, uniq_duvessa, uniq_maggie
D:8:      layout_rooms, serial_shops, nicolae_shop_stone
D:9:      layout_cave_pods, overflow_temple_1_default, serial_shops,
          nicolae_shop_waterfront, fedhas_altar_4
D:10:     layout_basic
D:11:     layout_gridville, erik_lair_orcish_takeover,
          chequers_serial_rivers_micro_b, led_sif_book
D:12:     layout_roguey [special_room_bee], minmay_orc_entry_guard_dogs,
          serial_shops, kennysheep_mini
Temple:   compressed_dpeg_circular_temple
Lair:1:   layout_cave_shapes, grunt_megastairs_1, infiniplex_staircase_pool_2
Lair:2:   minmay_lair_oklob_tunnel, layout_regular_city,
          skrybe_swamp_entry_bodies, spider_nest_entry_a, uniq_erica
Lair:3:   layout_gridlike, chequers_serial_rivers_micro_b, lemuel_centaur_altar
Lair:4:   layout_gridlike, serial_bayou_pond_c, serial_bayou_shore_a,
          grunt_megastairs_3
Lair:5:   layout_layer_cave, slime_altar_2, lightli_volcano_entry_magma_tube,
          worms_lemuel
Lair:6:   hangedman_lair_caniforms_friends, layout_hall_layers,
          guppyfry_lair_end_dragon, chequers_serial_rivers_micro_d,
          minmay_lair_oklob_bushes, minmay_another_anthill
Orc:1:    giant_chief_lemuel, layout_caves
Orc:2:    kennysheep_orc_mage_school, layout_caves, basic_altar
Elf:1:    minmay_elf_arrival_circle, layout_gridlike, serial_shops, shop,
          kennysheep_underground_church, grunt_ministairs_1, st_stairs_7,
          minivault_24, david_defended_altar_elf, uniq_aizul, uniq_jorgrun,
          uniq_donald

Skill      XL: |  1  2  3  4  5  6  7  8  9 10 11 12 13 14 |
---------------+-------------------------------------------+-----
Spellcasting   | 5 6 7 8 9 10 | 10.8
Invocations    | 1 2 3 4 5 6 7 8 9 10 | 10.5
Short Blades   | 1 2 3 4 5 6 7 8 9 |  9.7
Long Blades    | 1 2 3 4 5 6 7 8 9 |  9.7
Axes           | 1 2 3 4 5 6 7 8 9 |  9.7
Maces & Flails | 1 2 3 4 5 6 7 8 9 |  9.7
Polearms       | 1 2 3 4 5 6 7 8 9 |  9.7
Staves         | 1 2 3 4 5 6 7 8 9 |  9.7
Slings         | 1 2 3 4 5 6 7 8 9 |  9.7
Bows           | 1 2 3 4 5 6 7 8 9 |  9.7
Crossbows      | 1 2 3 4 5 6 7 8 9 |  9.7
Throwing       | 1 2 3 4 5 6 7 8 9 |  9.7
Armour         | 1 2 3 4 5 6 7 8 9 |  9.7
Stealth        | 1 2 3 4 5 6 7 8 9 |  9.7
Shields        | 1 2 3 4 5 6 7 8 9 |  9.7
Evocations     | 1 2 3 4 5 6 7 8 9 |  9.7
Conjurations   | 1 2 3 4 5 6 7 8 |  8.1
Hexes          | 1 2 3 4 5 6 7 8 |  8.1
Summonings     | 1 2 3 4 5 6 7 8 |  8.1
Necromancy     | 1 2 3 4 5 6 7 8 |  8.1
Translocations | 1 2 3 4 5 6 7 8 |  8.1
Fire Magic     | 1 2 3 4 5 6 7 8 |  8.1
Ice Magic      | 1 2 3 4 5 6 7 8 |  8.1
Air Magic      | 1 2 3 4 5 6 7 8 |  8.1
Earth Magic    | 1 2 3 4 5 6 7 8 |  8.1
Poison Magic   | 1 2 3 4 5 6 7 8 |  8.1
Fighting       | 3 4 5 6 7 8 9 10 | 10.0
Transmutations | 4 5 6 7 8 9 |  9.0
Dodging        | 5 6 7 8 9 10 | 10.6
Unarmed Combat | 7 8 9 10 11 | 11.5

Action                   |  1- 3 |  4- 6 |  7- 9 | 10-12 | 13-15 || total
-------------------------+-------+-------+-------+-------+-------++-------
Melee: Unarmed           |    88 |    75 |   384 |   729 |   759 ||  2035
       Bite              |     7 |     9 |    20 |    86 |    97 ||   219
       Punch             |     3 |       |    13 |    38 |    23 ||    77
       Kick              |     3 |     5 |     7 |       |       ||    15
       Headbutt          |     1 |     7 |     3 |       |       ||    11
Throw: Boomerang         |    30 |    47 |    67 |       |    16 ||   160
       Stone             |     1 |       |       |     1 |       ||     2
       Dart              |       |       |    13 |   205 |   173 ||   391
       Throwing net      |       |       |       |     1 |       ||     1
 Cast: Beastly Appendage |     5 |     3 |     3 |       |       ||    11
       Spider Form       |       |       |    20 |     9 |       ||    29
       Ice Form          |       |       |     6 |    21 |    32 ||    59
       Tukima's Dance    |       |       |       |    29 |       ||    29
       Blade Hands       |       |       |       |     9 |    14 ||    23
       Confusing Touch   |       |       |       |     5 |     3 ||     8
       Summon Lightning  |       |       |       |       |     4 ||     4
Invok: Curse Item        |       |       |     4 |       |       ||     4
       Scrying           |       |       |       |     1 |       ||     1
Evoke: Wand              |       |       |     1 |     9 |    16 ||    26
       Condenser vane    |       |       |       |       |     6 ||     6
  Use: Scroll            |     1 |     9 |     5 |    12 |    11 ||    38
       Potion            |       |     3 |     1 |       |     6 ||    10
 Stab: Sleeping          |       |     1 |     8 |     6 |    12 ||    27
       Paralysed         |       |       |       |     8 |       ||     8
       Distracted        |       |       |       |     1 |     1 ||     2
       Confused          |       |       |       |     5 |     3 ||     8
Armor: Ring mail         |    23 |    17 |    53 |    78 |    92 ||   263
       Skin              |       |       |    13 |    17 |    34 ||    64
Dodge: Dodged            |    57 |    38 |   226 |   424 |   505 ||  1250
Block: Other             |       |     4 |    70 |   120 |   116 ||   310
       Reflection        |       |     1 |       |     2 |    15 ||    18
       Kite shield       |       |       |       |       |   105 ||   105

Table legend: (Time is in decaauts)
 A = Elapsed time spent in this place.
 B = Non-inter-level travel time spent in this place.
 C = Inter-level travel time spent in this place.
 D = Time resting spent in this place.
 E = Time spent auto-exploring this place.
 F = Levels seen in this place.
 G = Mean time per level.
                   A        B        C        D        E       F      G
               +--------+--------+--------+--------+--------+-----+--------+
         Total |  32949 |  31570 |   1379 |   9896 |  15412 |  23 | 1432.6 |
       Dungeon |  17437 |  16567 |    870 |   4045 |   9153 |  12 | 1453.1 |
        Temple |    136 |     91 |     45 |      0 |     84 |   1 |  136.0 |
          Lair |  10090 |   9811 |    279 |   3377 |   4786 |   6 | 1681.7 |
  Orcish Mines |   4931 |   4747 |    184 |   2283 |   1389 |   2 | 2465.5 |
   Elven Halls |      1 |      1 |      0 |      0 |      0 |   1 |    1.0 |
       Volcano |    351 |    351 |      0 |    191 |      0 |   1 |  351.0 |
               +--------+--------+--------+--------+--------+-----+--------+

Top non-repeatable levels by time:
   Orc:1: 4177 daAuts
    D:11: 2406 daAuts
    D:12: 2283 daAuts
  Lair:1: 2075 daAuts
  Lair:2: 2062 daAuts
  Lair:5: 1897 daAuts
    D:10: 1853 daAuts
  Lair:3: 1715 daAuts
  Lair:4: 1544 daAuts
     D:9: 1539 daAuts
     D:7: 1534 daAuts
     D:3: 1351 daAuts
     D:4: 1224 daAuts
     D:5: 1196 daAuts
     D:6: 1125 daAuts
